Map: Magma Mines

Players

drPeppers

  • Race: Terran Terran
  • Spawn Location: 3:00

BubbaGump

  • Race: Zerg Zerg
  • Spawn Location: 1:00

ShipRiteMike - Winner!

  • Race: Zerg Zerg
  • League: Gold
  • Spawn Location: 9:00

Dantaro - Winner!

  • Race: Terran Terran
  • Spawn Location: 11:00

VOD

Have the link to the VOD?

Description

Time

  • Played on: Jan. 24, 2024, 7:46 p.m.
  • Length: 7:11
Show
View Real Time Build Order
Export as new Build Order

drPeppers Terran 

Build Orders:  

Get SALT Encoding   

  12  0:00  SCV  
  13  0:12  SCV  
  14  0:18  Supply Depot  
  14  0:24  SCV  
  15  0:40  SCV  
  15  0:41  Barracks  
  16  0:47  Refinery  
  16  0:54  SCV, Refinery  
  17  1:06  SCV  
  18  1:18  SCV  
  19  1:26  Barracks  
  19  1:31  Supply Depot  
  19  1:32  Barracks Reactor  
  19  1:41  Orbital Command  
  19  2:06  SCV  
  19  2:07  Factory  
  20  2:10  Marine x2  
  20  2:15  Barracks Tech Lab  
  22  2:22  Supply Depot  
  22  2:23  SCV  
  22  2:27  Marine  
  22  2:28  Marine  
  25  2:34  Stimpack  
  25  2:36  SCV  
  26  2:41  Marine  
  27  2:50  SCV  
  28  2:54  Supply Depot  
  28  2:58  Starport  
  28  2:59  Factory Reactor  
  28  3:05  SCV  
  29  3:08  Marine x2  
  29  3:10  Marine  
  32  3:21  Supply Depot, SCV  
  32  3:26  Marine  
  34  3:28  Marine  
  34  3:30  Marine  
  36  3:46  Medivac x2  
  40  3:49  Factory Tech Lab  
  40  3:51  Marine  
  40  3:52  Marine x2  
  43  4:12  Marine x2  
  43  4:14  Combat Shield  
  45  4:30  Marine  
  46  4:33  Command Center, Marine  
  46  4:34  Marine  
  47  4:48  Marine  
  47  4:50  Marine  
  49  4:54  Marine  
  49  4:56  Siege Tank  
  53  5:06  Marine  
  54  5:07  Liberator  
  54  5:08  Marine  
  54  5:12  Marine  
  47  5:52  Marine  
  38  6:01  SCV  
  32  6:10  Marine  
  33  6:12  Command Center  
  27  6:28  Marine  
  27  6:33  SCV  
  22  6:45  SCV  
  12  6:57  SCV  
Show
View Real Time Build Order
Export as new Build Order

BubbaGump Zerg 

Build Orders: Hatch First 

Get SALT Encoding   

  12  0:28  Hatchery  
  11  0:34  Drone  
  11  0:35  Drone  
  13  0:45  Overlord  
  13  0:50  Drone  
  14  1:00  Extractor, Drone  
  14  1:07  Drone  
  15  1:19  Spawning Pool  
  15  1:20  Drone  
  15  1:28  Drone  
  16  1:38  Drone  
  17  1:44  Drone  
  18  1:49  Drone  
  18  1:50  Extractor  
  18  1:52  Drone  
  19  2:08  Queen  
  19  2:10  Queen  
  23  2:22  Overlord  
  23  2:40  Drone x5  
  23  2:41  Drone  
  29  2:48  Roach Warren  
  28  2:52  Lair  
  28  2:58  Overlord  
  28  3:09  Drone x3  
  28  3:12  Overlord  
  31  3:14  Drone  
  31  3:17  Drone  
  33  3:25  Drone x2  
  33  3:26  Drone  
  36  3:28  Roach  
  36  3:31  Roach  
  40  3:35  Roach  
  42  3:43  Roach x2  
  42  3:44  Spore Crawler  
  42  3:46  Roach  
  42  3:48  Roach  
  49  3:54  Roach  
  51  4:03  Overlord  
  51  4:04  Overlord  
  51  4:05  Drone  
  52  4:34  Roach  
  52  4:35  Roach x2  
  56  4:49  Roach x2  
  56  4:50  Roach x3  
  56  4:52  Roach x2  
  68  4:56  Overlord  
  68  5:00  Overlord  
  68  5:16  Roach  
  68  5:17  Roach x3  
  76  5:24  Roach x2  
  66  5:43  Roach x2  
  66  5:44  Roach  
  66  5:45  Roach  
  62  5:51  Roach  
  60  5:59  Roach  
  60  6:06  Roach x2  
  66  6:11  Roach  
  66  6:21  Roach  
  66  6:22  Roach  
  64  6:30  Roach  
  58  6:33  Roach  
  52  6:43  Roach x2  
Show
View Real Time Build Order
Export as new Build Order

ShipRiteMike Zerg - Winner!

Build Orders: Hatch First 

Get SALT Encoding   

  12  0:00  Drone  
  13  0:12  Overlord  
  13  0:18  Drone  
  14  0:31  Drone x2  
  16  0:52  Hatchery  
  16  0:54  Drone  
  16  0:58  Drone  
  16  1:02  Drone  
  18  1:05  Extractor  
  17  1:21  Spawning Pool  
  17  1:22  Drone  
  17  1:33  Drone x2  
  17  1:38  Evolution Chamber  
  18  1:40  Drone  
  19  1:51  Drone  
  20  2:07  Queen  
  22  2:09  Zerg Melee Weapons Level 1  
  22  2:17  Queen  
  22  2:22  Drone  
  25  2:25  Overlord  
  25  2:29  Drone x2  
  27  2:46  Hatchery  
  27  2:48  Metabolic Boost  
  26  2:51  Drone  
  26  2:54  Drone  
  26  2:56  Drone  
  26  2:58  Drone  
  30  3:07  Drone x4  
  34  3:19  Drone  
  35  3:20  Zergling x2  
  35  3:21  Overlord x2  
  36  3:41  Zergling x12  
  42  3:51  Zergling x8, Hatchery  
  42  3:55  Zergling x4  
  46  4:01  Zergling x2  
  48  4:10  Zergling x6  
  48  4:16  Overlord x2  
  51  4:21  Zergling x8  
  55  4:29  Zergling x2  
  55  4:30  Zergling x4  
  55  4:31  Overlord x2  
  57  4:40  Zergling x4  
  57  4:43  Zergling x2  
  50  4:45  Zergling x2  
  50  4:46  Zergling x4  
  50  4:47  Zergling x2  
  50  4:52  Zergling x2  
  51  4:57  Zergling x4  
  53  5:02  Zergling x6  
  56  5:10  Zergling x6  
  58  5:16  Zergling x8  
  61  5:22  Zergling x2  
  61  5:25  Zergling x10  
  59  5:33  Zergling x4  
  61  5:36  Zergling x2  
  61  5:37  Zergling x2  
  61  5:41  Zergling x2  
  60  5:44  Zergling x2  
  60  5:46  Zergling x4  
  54  5:52  Zergling x2  
  54  5:53  Zergling x2  
  47  5:58  Zergling x2  
  47  5:59  Zergling x8  
  47  6:02  Zergling x2  
  47  6:03  Zergling x4  
  52  6:06  Zergling x2  
  52  6:08  Zergling x2  
  52  6:09  Zergling x4  
  56  6:14  Queen  
  56  6:16  Queen  
  56  6:17  Zergling x2  
  61  6:19  Zergling x2  
  61  6:23  Zergling x2  
  61  6:24  Zergling x2  
  59  6:26  Zergling x6  
  59  6:27  Zergling x2  
  59  6:30  Zergling x6  
  59  6:31  Zergling x6  
  64  6:39  Zergling x2  
  63  6:40  Zergling x4  
  63  6:41  Zergling x2  
  61  6:50  Zergling x2  
  61  6:53  Zergling x6  
Show
View Real Time Build Order
Export as new Build Order

Dantaro Terran - Winner!

Build Orders: 2 Factory 

Get SALT Encoding   

  13  0:07  SCV  
  13  0:19  SCV  
  13  0:20  Supply Depot  
  14  0:31  SCV  
  15  0:44  Barracks  
  15  0:47  Refinery  
  15  0:48  Refinery  
  15  0:50  SCV  
  16  1:02  SCV  
  17  1:14  SCV  
  18  1:27  SCV  
  18  1:31  Marine  
  20  1:37  Factory  
  20  1:40  Orbital Command  
  20  1:49  Marine  
  21  1:54  Supply Depot  
  21  2:04  Factory  
  21  2:13  Marine  
  22  2:16  SCV  
  23  2:29  SCV  
  24  2:31  Marine  
  24  2:33  Factory Tech Lab  
  25  2:44  SCV  
  26  2:51  Siege Tank  
  26  2:55  Factory Tech Lab, Marine  
  30  3:01  SCV  
  31  3:07  Supply Depot  
  31  3:13  Marine  
  31  3:15  Siege Tank  
  31  3:18  SCV  
  36  3:21  Supply Depot  
  36  3:25  Siege Tank  
  39  3:33  Marine  
  40  3:35  SCV  
  41  3:47  SCV  
  42  3:50  Marine  
  43  4:02  SCV  
  44  4:09  Command Center  
  44  4:18  SCV  
  44  4:22  Cyclone  
  47  4:25  Cyclone  
  41  4:51  SCV  
  42  4:54  Cyclone  
  42  4:57  Cyclone  
  46  5:03  SCV  
  47  5:09  Hurricane Engines  
  47  5:26  Cyclone  
  38  5:29  Cyclone  
  30  5:58  Cyclone  
  30  6:02  Cyclone  
  30  6:03  Orbital Command, SCV  
  35  6:32  Cyclone  
  37  6:34  Cyclone  
  39  6:44  SCV  
  39  6:45  SCV  
  41  6:55  Refinery  
  41  6:56  Refinery  
  41  6:57  SCV x2  
Tags
 
Add a new tag
Caveats
  • Supply blocks, unpowered buildings, or Contaminate may cause inaccurate times.
  • Supply counts are checked every 10 seconds.